 Dungeon Crawl Stone Soup version 0.31-a0-716-gc7603755dd (webtiles) character file.

Game seed: 1392145914582875873

2950 jlumianski the Cleaver (level 9, -2/69 HPs)
             Began as a Demonspawn Fighter on Sept 11, 2023.
             Was a Follower of Okawaru.
             Slain by a hornet (10 damage)
             ... on level 6 of the Dungeon.
             The game lasted 00:32:33 (7187 turns).

jlumianski the Cleaver (Demonspawn Fighter)         Turns: 7187, Time: 00:32:33

Health: -2/69      AC: 11    Str: 20    XL:     9   Next: 51%
Magic:  10/10      EV:  8    Int: 11    God:    Okawaru [*.....]
Gold:   418        SH:  5    Dex: 12    Spells: 8/8 levels left

rFire   . . .        a - +1 war axe
rCold   . . .        c - +0 buckler
rNeg    + . .        m - +0 chain mail
rPois   .            v - +0 helmet
rElec   .            (no cloak)
rCorr   .            (no gloves)
SInv    .            (no boots)
Will    +....        (no amulet) Stlth
                     i - ring of positive energy
HPRegen 0.31/turn    z - ring of willpower
MPRegen 0.24/turn

%: no passive effects
@: lethally poisoned (-2 -> -8), slowed, very slow
A: hooves 2, spiny 1, magic regeneration
a: Renounce Religion, Heroism


You were on level 6 of the Dungeon.
You worshipped Okawaru.
Okawaru was aware of your devotion.
You visited 2 branches of the dungeon, and saw 8 of its levels.

You collected 418 gold pieces.

Inventory:

Hand Weapons
 a - a +1 war axe (weapon)
Missiles
 d - a boomerang
 f - 11 javelins
 g - 75 stones
 w - 9 poisoned darts
Armour
 b - a +0 scale mail
 c - a +0 buckler (worn)
 m - a +0 chain mail (worn)
 s - the +0 leather armour of the Destroying Gods {Slay+2}
   (You found it on level 2 of the Dungeon)

   Slay+2:    It affects your accuracy & damage with ranged weapons and melee
   (+2).
 v - a +0 helmet (worn)
Jewellery
 i - a ring of positive energy (left hand)
 x - a ring of positive energy
 z - a ring of willpower (right hand)
 B - a ring of see invisible
Wands
 A - a wand of flame (23)
Scrolls
 e - a scroll of noise
 j - 2 scrolls of enchant weapon
 l - 3 scrolls of vulnerability
 n - a scroll of amnesia
 o - a scroll of revelation {unknown}
 q - 2 scrolls of poison {unknown}
 r - 3 scrolls of enchant armour {unknown}
 u - 2 scrolls of immolation {unknown}
 y - a scroll of brand weapon {unknown}
Potions
 h - 2 potions of mutation
 k - a potion of brilliance
 p - a potion of resistance
 C - a potion of magic {unknown}


   Skills:
 * Level 5.8 Fighting
 + Level 8.0 Axes
 + Level 6.9 Armour
 + Level 1.7 Dodging
 + Level 1.6 Stealth
 + Level 4.4 Shields
 * Level 1.6 Invocations
 * Level 1.4 Evocations


You had 8 spell levels left.
You didn't know any spells.
Your spell library contained the following spells:

 Spells                   Type           Power      Damage    Failure   Level
 Magic Dart               Conj           0%         1d3       95%         1
 Sandblast                Erth           0%         2d4       95%         1
 Passwall                 Tmut/Erth      0%         N/A       99%         2
 Searing Ray              Conj           0%         2d4       99%         2
 Stone Arrow              Conj/Erth      0%         3d7       100%        3
 Fulminant Prism          Conj/Hex       0%         3d5       100%        4


Dungeon Overview and Level Annotations

Branches:
Dungeon (7/15)             Temple (1/1) D:6

Altars:
Ashenzari
Dithmenos
Gozag
Kikubaaqudgha
Makhleb
Okawaru
Qazlal
Sif Muna
Trog
Uskayaw
Vehumet
Wu Jian

Annotations:
D:7 Pikel


Innate Abilities, Weirdness & Mutations

You have hoof-like feet.
You are partially covered in sharp spines.
You regenerate magic rapidly.


Message History

The hornet is struck by your spines. The hornet stings you.
You feel yourself slow down. The hornet barely misses you.
The hornet stings you.
You are poisoned.
You feel as though you will be slow longer.
The orc hits you but does no damage. The hornet stings you!
You feel as though you will be slow longer.
The orc hits you with a +0 whip.
You climb upwards.
Reactivating autopickup.
You feel very sick.
There is a stone staircase leading down here.
You barely miss the orc. You kick the orc.
The orc is almost dead.
You closely miss the hornet.
You feel sick. The hornet is struck by your spines.
The hornet stings you but does no damage.
The orc hits you but does no damage. The hornet is struck by your spines.
The hornet stings you but does no damage.
You slash the orc!
You kill the orc!
Okawaru accepts your kill.
You barely miss the hornet.
You feel sick.
The hornet stings you but does no damage.
The hornet is struck by your spines. The hornet stings you!
You are more poisoned.
You feel as though you will be slow longer.
You feel better. The hornet stings you!
You feel as though you will be slow longer.
The hornet stings you.
You are poisoned.
You feel as though you will be slow longer.
The hornet stings you!
* * * LOW HITPOINT WARNING * * *
You feel as though you will be slow longer.
You hit the hornet. You kick the hornet.
The hornet is heavily wounded.
* * * LOW HITPOINT WARNING * * *
You feel very sick. The hornet is struck by your spines. The hornet stings you!
You die...

#....#.#.#.....#.#...#
#.####.###.#.#.###.#.# #.#
#.............#.## #.#
#.###.#.#.###....# #.#
#.#...#.#...#..#.#### #
#.####.#.###.###.#.##..... #
#........................# #
#.####.#.)y.........###### #
####### #.#.@..........# ##
####.).P# #..#..........## ##.
##......## ##...........## ##..
###....P.#######.#..<#########..#
###......#...........###.......##
.######P.....<....#.)##..########
..######..........#..)..## #.
.....###.............#### ##)
#<....##........###..## #))


You could see a hornet.

Vanquished Creatures
  Joseph (D:7)
  Prince Ribbit (D:5)
  2 water moccasins
  3 black bears
  A sky beast (D:6)
  An ice beast (D:5)
  2 ogres (D:5)
  A centaur (D:6)
  A lemure (D:6)
  Blork the orc (D:6)
  A gnoll sergeant (D:5)
  2 scorpions (D:5)
  5 wights
  An electric eel (D:6)
  8 hounds
  3 jellies (D:5)
  An orc priest (D:5)
  2 gnoll boudas
  2 sleepcaps
  8 iguanas
  An orc wizard (D:5)
  Robin (D:3)
  8 gnolls
  8 adders
  A white imp (D:7)
  4 worms
  3 dart slugs (D:2)
  11 orcs
  4 ball pythons
  4 endoplasms
  5 giant cockroaches
  14 hobgoblins
  7 jackals
  7 quokkas
  5 bats
  9 frilled lizards
  12 goblins
  3 kobolds
  2 rats (D:2)
156 creatures vanquished.

Notes
Turn   | Place    | Note
-------+----------+-------------------------------------------
     0 | D:1      | jlumianski the Demonspawn Fighter began the quest for the
                  | Orb.
     0 | D:1      | Reached XP level 1. HP: 18/18 MP: 1/1
   301 | D:1      | Gained mutation: You have large cloven feet. [demonic
                  | ancestry]
   301 | D:1      | Reached XP level 2. HP: 22/24 MP: 2/2
   383 | D:2      | Reached skill level 2 in Axes
   778 | D:2      | Gained mutation: You are partially covered in sharp spines.
                  | [demonic ancestry]
   778 | D:2      | Reached XP level 3. HP: 29/29 MP: 3/3
  1024 | D:3      | Noticed Robin
  1434 | D:2      | Gained mutation: You have hoof-like feet. [demonic
                  | ancestry]
  1434 | D:2      | Reached XP level 4. HP: 35/35 MP: 4/4
  1465 | D:2      | Reached skill level 3 in Axes
  1479 | D:2      | Identified the +0 leather armour of the Destroying Gods
                  | {Slay+2}
  1808 | D:4      | Noticed a black bear
  1815 | D:3      | Found an opulent altar of Gozag.
  2165 | D:3      | Killed Robin
  2235 | D:3      | Found a faded altar of an unknown god.
  2395 | D:3      | Reached XP level 5. HP: 35/41 MP: 5/5
  2831 | D:4      | Reached skill level 4 in Axes
  2967 | D:4      | Reached XP level 6. HP: 29/47 MP: 6/6
  3103 | D:5      | Entered Level 5 of the Dungeon
  3377 | D:5      | Reached skill level 5 in Axes
  3655 | D:5      | Reached XP level 7. HP: 48/53 MP: 7/7
  3971 | D:6      | Noticed Prince Ribbit
  4184 | D:5      | Killed Prince Ribbit
  4185 | D:5      | Reached skill level 5 in Armour
  4185 | D:5      | Reached skill level 1 in Dodging
  4196 | D:6      | Reached skill level 6 in Axes
  4196 | D:6      | Gained mutation: You regenerate magic rapidly. [demonic
                  | ancestry]
  4196 | D:6      | Reached XP level 8. HP: 58/61 MP: 8/8
  4266 | D:5      | Reached skill level 1 in Stealth
  4874 | D:5      | Reached skill level 7 in Axes
  4969 | D:7      | Noticed Joseph
  4970 | D:7      | Noticed Pikel
  5769 | D:5      | Reached XP level 9. HP: 13/65 MP: 9/9
  5899 | D:6      | Reached skill level 5 in Fighting
  5920 | D:6      | Noticed Blork the orc
  5928 | D:6      | Killed Blork the orc
  6034 | D:6      | Found a staircase to the Ecumenical Temple.
  6043 | Temple   | Entered the Ecumenical Temple
  6061 | Temple   | Became a worshipper of Warmaster Okawaru
  6975 | D:7      | Killed Joseph
  6975 | D:7      | Reached * piety under Okawaru
  6976 | D:7      | Reached skill level 8 in Axes
  6976 | D:7      | Reached skill level 1 in Invocations
  6976 | D:7      | Reached skill level 1 in Evocations
  7187 | D:6      | Slain by a hornet

Illustrated notes

Levels and vault maps discovered:
D:1:      wander_arrival_fairy_ring, layout_basic
D:2:      minmay_spotlight, layout_loops_corners
D:3:      layout_basic, amcnicky_altar_gilded, basic_ecumenical_altar,
          uniq_robin
D:4:      layout_cave_pools
D:5:      minmay_diamond_boxcup, layout_basic
D:6:      layout_rooms, minmay_temple_entry_slanted, kennysheep_diamond,
          skrybe_limestone_x, minmay_misc_feat_roman, minmay_lizard_king,
          uniq_prince_ribbit1, uniq_blork_the_orc
D:7:      layout_rooms, mainiacjoe_overflow_24_doors,
          mainiacjoe_overflow_concentric_impassable, uniq_joseph, uniq_pikel
Temple:   hellmonk_temple_flake

Skill      XL: |  1  2  3  4  5  6  7  8  9 |
---------------+----------------------------+-----
Axes           | 2 3 4 5 6 7 8 |  8.0
Armour         | 3 4 5 6 |  6.9
Shields        | 3 4 |  4.4
Fighting       | 4 5 |  5.8
Dodging        | 1 |  1.7
Stealth        | 1 |  1.6
Invocations    | 1 |  1.6
Evocations     | 1 |  1.4

Action                     |  1- 3 |  4- 6 |  7- 9 || total
---------------------------+-------+-------+-------++-------
  Melee: War axe           |    68 |    99 |   166 ||   333
         Kick              |    11 |    20 |    61 ||    92
  Evoke: Wand              |       |     1 |     2 ||     3
    Use: Scroll            |       |     6 |     3 ||     9
         Potion            |       |       |     5 ||     5
 Armour: Scale mail        |    15 |       |       ||    15
         Chain mail        |    43 |   104 |   197 ||   344
  Dodge: Dodged            |    27 |    46 |    77 ||   150
  Block: Buckler           |    12 |    27 |    52 ||    91

Table legend: (Time is in decaauts)
 A = Elapsed time spent in this place.
 B = Non-inter-level travel time spent in this place.
 C = Inter-level travel time spent in this place.
 D = Time resting spent in this place.
 E = Time spent auto-exploring this place.
 F = Levels seen in this place.
 G = Mean time per level.
                   A        B        C        D        E       F      G
               +--------+--------+--------+--------+--------+-----+--------+
         Total |   7309 |   7148 |    161 |   1197 |   2879 |   8 |  913.6 |
       Dungeon |   7280 |   7119 |    161 |   1197 |   2879 |   7 | 1040.0 |
        Temple |     28 |     28 |      0 |      0 |      0 |   1 |   28.0 |
               +--------+--------+--------+--------+--------+-----+--------+

Top non-repeatable levels by time:
     D:5: 2354 daAuts
     D:6: 1502 daAuts
     D:3: 1278 daAuts
     D:2: 890 daAuts
     D:1: 699 daAuts
     D:4: 406 daAuts
     D:7: 149 daAuts
  Temple: 28 daAuts
